 Dungeon Crawl Stone Soup version 0.22-a0-284-g99d1f74 (webtiles) character file.

163 kidcy the Skirmisher (level 5, -46/47 HPs)
             Began as a Hill Orc Fighter on Mar 21, 2018.
             Killed from afar by Natasha (48 damage)
             ... with an exploding inner flame
             ... hexed by the player character
             ... on level 1 of the Dungeon.
             The game lasted 00:03:48 (2017 turns).

kidcy the Skirmisher (Hill Orc Fighter)             Turns: 2017, Time: 00:03:49

Health: -46/47     AC:  7    Str: 20    XL:     5   Next: 44%
Magic:  5/5        EV:  7    Int:  8    God:
Gold:   57         SH:  9    Dex: 10    Spells: 4/4 levels left

rFire    . . .     SeeInvis .   a - +0 long sword
rCold    . . .     Gourm    .   c - +0 shield
rNeg     . . .     Faith    .   b - +0 scale mail
rPois    .         Spirit   .   (no helmet)
rElec    .         Reflect  .   (no cloak)
rCorr    .         Harm     .   (no gloves)
MR       .....                  (no boots)
Stlth    ..........             (no amulet)
HPRegen  0.15/turn              (no ring)
MPRegen  0.09/turn              (no ring)

@: slowed, very slow
A: no striking features
a: no special abilities


You were on level 1 of the Dungeon.
You were hungry.

You visited 1 branch of the dungeon, and saw 3 of its levels.

You collected 57 gold pieces.

Inventory:

Hand Weapons
 a - a +0 long sword (weapon)
Armour
 b - a +0 scale mail (worn)
 c - a +0 shield (worn)
Comestibles
 f - 3 rations


   Skills:
 + Level 4.6 Fighting
 * Level 4.1 Long Blades
 + Level 4.1 Armour
 + Level 4.1 Shields


You had 4 spell levels left.
You didn't know any spells.

Dungeon Overview and Level Annotations

Branches:
Dungeon (3/15)

Altars:
Okawaru

Annotations:
D:2 Ijyb


Message History

It was a potion of flight.
You feel very buoyant.
You fly up into the air.
Natasha claws you.
* * * LOW HITPOINT WARNING * * *
It was a potion of cancellation.
Your magical effects are unravelling.
You feel magically purged.
You float gracefully downwards.
Natasha barely misses you.
You riposte.
You hit Natasha.
Natasha is moderately wounded.
Natasha stares at you and mumbles some strange words.
You feel yourself slow down.
There is a shaft here.
Natasha claws you but does no damage. Natasha casts a spell at you.
You resist with some effort. Natasha completely misses you.
You riposte.
You slash Natasha!
Natasha explodes!
The fiery explosion engulfs you!
Ouch! That really hurt!
You die...

### ### ##.# #######.# ...#
#.......##### ##.# #.###.......#
#.#####.# #.#..@§## #.......#
#.####§# ########## #.....§##
.....# ##.....^# ######
.....########......# #....#
............#......###### #....#
............#......#....# #....#
...................#....###....##
...#######'#######.........>...(.


There were no monsters in sight!

Vanquished Creatures
  A howler monkey (D:2)
  Natasha (twice) (D:2)
  3 adders (D:2)
  A worm (D:1)
  2 dart slugs (D:2)
  2 leopard geckos (D:1)
  5 bats
  2 giant cockroaches
  11 goblins
  4 hobgoblins
  A quokka (D:2)
  4 frilled lizards (D:1)
  4 kobolds
  A rat (D:1)
43 creatures vanquished.

Notes
Turn   | Place    | Note
-------+----------+-------------------------------------------
     0 | D:1      | kidcy the Hill Orc Fighter began the quest for the Orb.
     0 | D:1      | Reached XP level 1. HP: 19/19 MP: 1/1
   118 | D:1      | Reached XP level 2. HP: 18/27 MP: 2/2
   594 | D:1      | Reached XP level 3. HP: 33/33 MP: 3/3
   847 | D:2      | Found an iron altar of Okawaru.
  1153 | D:2      | Reached XP level 4. HP: 26/40 MP: 4/4
  1588 | D:2      | Noticed Natasha
  1600 | D:2      | Killed Natasha
  1600 | D:2      | Reached XP level 5. HP: 28/47 MP: 5/5
  1885 | D:2      | Noticed Natasha
  1896 | D:2      | Killed Natasha
  1969 | D:3      | Noticed Ijyb
  2003 | D:2      | Noticed Natasha
  2010 | D:1      | HP: 1/47 [Natasha (4)]
  2017 | D:1      | Killed Natasha
  2017 | D:1      | Killed from afar by Natasha

Vault maps used:
D:1:      evilmike_arrival_run_for_it, minmay_door_square
D:2:      okawaru_trees_2, uniq_natasha
D:3:      kennysheep_the_goblin_king, kiku_gazebo_garden_becter, uniq_jessica,
          uniq_ijyb, uniq_sigmund, uniq_robin

Skill      XL: |  1  2  3  4  5 |
---------------+----------------+-----
Fighting       | 4 |  4.6
Long Blades    | 3 4 |  4.1
Armour         | 4 |  4.1
Shields        | 4 |  4.1

Action                   |  1- 3 |  4- 6 || total
-------------------------+-------+-------++-------
Melee: Long sword        |   111 |    43 ||   154
  Use: Potion            |     1 |     3 ||     4
       Scroll            |       |     5 ||     5
  Eat: Chunk             |       |     3 ||     3
Armor: Scale mail        |    55 |    28 ||    83
Dodge: Dodged            |    38 |    10 ||    48
Block: Shield            |    77 |    23 ||   100
       Rpst.: Long sword |    11 |     3 ||    14

Table legend:
 A = Spawn XP
 B = Non-spawn XP
 C = Spawn XP percentage of total XP
 D = Spawn monster count
 E = Non-spawn monster count
 F = Spawn count percentage of total count
 G = Total turns spent on level
                    A         B        C        D         E        F      G
               +---------+---------+-------+---------+---------+-------+---------
         Total |       0 |     234 |   0.0 |       0 |      43 |   0.0 |  2017
               +---------+---------+-------+---------+---------+-------+---------
           D:1 |       0 |      43 |   0.0 |       0 |      23 |   0.0 |   986
           D:2 |       0 |     189 |   0.0 |       0 |      19 |   0.0 |  1023
           D:3 |       0 |       2 |   0.0 |       0 |       1 |   0.0 |     8
               +---------+---------+-------+---------+---------+-------+---------
